 Dungeon Crawl Stone Soup version 0.32-a0-872-g59262bdc9b (webtiles) character file.

Game seed: 17718440066698396242

1176 Biggs the Skirmisher (level 8, -6/56 HPs)
             Began as a Coglin Hunter on Mar 30, 2024.
             Mangled by a gnoll sergeant
             ... wielding a +0 trident
              (8 damage)
             ... on level 5 of the Dungeon.
             The game lasted 00:10:00 (3220 turns).

Biggs the Skirmisher (Coglin Hunter)                Turns: 3220, Time: 00:10:00

Health: -6/56      AC:  5    Str: 12    XL:     8   Next: 41%
Magic:  8/8        EV: 12    Int:  9    God:
Gold:   153        SH:  0    Dex: 19    Spells: 7/7 levels left

rFire   . . .        a - +2 sling {Akal}
rCold   . . .        d - +0 sling {Heidi}
rNeg    . . .        c - +0 leather armour
rPois   .            i - +0 helmet
rElec   .            (no cloak)
rCorr   .            p - +0 pair of gloves
SInv    .            (no boots)
Will    .....        (amulet unavailable)
Stlth   ++           (ring unavailable)
HPRegen 0.29/turn    (ring unavailable)
MPRegen 0.11/turn    (no gizmo)

%: no passive effects
@: revved
A: off-hand wielding, slow wielding, warmup strikes, no jewellery
a: Invent Gizmo


You were on level 5 of the Dungeon.
You visited 1 branch of the dungeon, and saw 5 of its levels.

You collected 219 gold pieces.
You spent 66 gold pieces at shops.

Inventory:

Hand Weapons
 a - a +2 sling (weapon) {Akal}
 d - a +0 sling (offhand) {Heidi}
Missiles
 u - 3 throwing nets
Armour
 c - a +0 leather armour (worn)
 i - a +0 helmet (worn)
 p - a +0 pair of gloves (worn)
Wands
 b - a wand of acid (6)
 q - a wand of flame (18)
Scrolls
 e - a scroll of silence
 g - a scroll of amnesia
 m - 2 scrolls of blinking
 n - a scroll of enchant weapon
 r - a scroll of teleportation
 s - a scroll of brand weapon {unknown}
 t - a scroll of identify
 v - 2 scrolls of revelation {unknown}
Potions
 f - a potion of cancellation {unknown}
 h - 2 potions of might {unknown}
 j - 2 potions of lignification {unknown}
 k - a potion of ambrosia {unknown}
 l - a potion of berserk rage {unknown}
 o - 3 potions of curing {unknown}
 w - a potion of attraction {unknown}


   Skills:
 - Level 2.0 Fighting
 - Level 9.0 Ranged Weapons
 + Level 4.1 Dodging
 - Level 0.7 Stealth


You had 7 spell levels left.
You didn't know any spells.
Your spell library contained the following spells:

 Spells                   Type           Power      Damage    Failure   Level
 Lesser Beckoning         Tloc           0%         N/A       61%         2
 Call Canine Familiar     Summ           0%         N/A       83%         3
 Inner Flame              Hex/Fire       0%         N/A       83%         3
 Sigil of Binding         Hex            0%         N/A       83%         3
 Teleport Other           Tloc           0%         N/A       83%         3
 Dimensional Bullseye     Hex/Tloc       0%         N/A       99%         4
 Maxwell's Portable Pile  Tloc           0%         2d(5-10)  99%         4
 Vhi's Electric Charge    Tloc/Air       0%         N/A       99%         4
 Arcjolt                  Conj/Air       0%         1d10      100%        5
 Irradiate                Conj/Alch      0%         3d11      100%        5
 Plasma Beam              Fire/Air       0%         2x1d10    100%        6
 Ignition                 Fire           0%         3d3       100%        8


Dungeon Overview and Level Annotations

Branches:
Dungeon (5/15)             Temple (0/1) D:5

Altars:
Hepliaklqana
Xom
Zin

Shops:
D:2 [   D:3 ?


Innate Abilities, Weirdness & Mutations

You can wield a second weapon in your off-hand.
It takes a long time for you to wield or remove held weapons.
Your first few attacks do less damage.
You cannot equip rings or amulets.


Message History

Fire: a) +2 sling {Akal}
Press: ? - help, Q - select action, (/) - cycle Shift-Dir - straight line, f/p - gnoll
Aim: a gnoll, wielding a +0 halberd (moderately wounded, 69% to hit)
You shoot a sling bullet. The sling bullet hits the gnoll.
The gnoll is heavily wounded.
You shoot a sling bullet. The sling bullet hits the gnoll!
You kill the gnoll!
Fire: a) +2 sling {Akal}
Press: ? - help, Q - select action, (/) - cycle Shift-Dir - straight line, f - iguana
Aim: an iguana (69% to hit)
You shoot a sling bullet. The sling bullet hits the iguana.
The iguana is moderately wounded.
You shoot a sling bullet. The sling bullet hits the iguana.
The iguana is moderately wounded.
Fire: a) +2 sling {Akal}
Press: ? - help, Q - select action, (/) - cycle Shift-Dir - straight line, f/p - iguana
Aim: an iguana (moderately wounded, 69% to hit)
You shoot a sling bullet.
The sling bullet barely misses the iguana.
The sling bullet hits the gnoll sergeant.
The gnoll sergeant is heavily wounded.
You shoot a sling bullet. The sling bullet hits the iguana.
The iguana is severely wounded.
The iguana bites you.
The gnoll sergeant hits you from afar with a +0 trident!
* * * LOW HITPOINT WARNING * * *
Unknown command.
Fire: a) +2 sling {Akal}
Press: ? - help, Q - select action, (/) - cycle Shift-Dir - straight line, f/p - iguana
Aim: an iguana (severely wounded, 69% to hit)
You shoot a sling bullet.
The sling bullet hits the iguana but does no damage.
The iguana is severely wounded.
You shoot a sling bullet.
The sling bullet hits the iguana but does no damage.
The iguana is severely wounded.
The iguana bites you!
* * * LOW HITPOINT WARNING * * *
The gnoll sergeant hits you from afar with a +0 trident!
You die...

###......# ##......########
#.......(......#
#........#..###.# #
................# #.
####..P..#######...# #.#..
####..#######[....#...#
#.....#))#g.#..#..#....(#..##
......'..ggl@.('..#)(.(.#..#
#.....##########..##)#####.#
...>. #....#)##..)...#.# ....
+..........#...#.# [..
#.########.#####.# ##
#...#...# #...#...#
#####.####..# #..#..# #..#


You could see a gnoll sergeant, an iguana and 2 gnolls.

Vanquished Creatures
  Pikel (D:4)
  Pargi (D:4)
  2 phantoms
  3 lemures (D:4)
  Blork the orc (D:5)
  A howler monkey (D:4)
  A bombardier beetle (D:5)
  An orc priest (D:4)
  An iguana (D:5)
  Robin (D:3)
  6 gnolls
  11 adders
  A white imp (D:3)
  5 ribbon worms
  20 orcs
  8 endoplasms
  15 goblins
  7 hobgoblins
  4 jackals (D:1)
  2 quokkas
  8 ball pythons
  A bat (D:3)
  A frilled lizard (D:1)
  8 kobolds
  7 rats
117 creatures vanquished.

Notes
Turn   | Place    | Note
-------+----------+-------------------------------------------
     0 | D:1      | Biggs the Coglin Hunter began the quest for the Orb.
     0 | D:1      | Reached XP level 1. HP: 16/16 MP: 1/1
    79 | D:1      | Reached skill level 4 in Ranged Weapons
    79 | D:1      | Reached XP level 2. HP: 22/22 MP: 2/2
   274 | D:1      | You fall into a shaft and drop 1 floor!
   365 | D:2      | Reached XP level 3. HP: 27/27 MP: 3/3
   401 | D:2      | Found Coopulodgh's Antique Armour Shop.
   657 | D:2      | Reached skill level 5 in Ranged Weapons
   657 | D:2      | Reached XP level 4. HP: 23/33 MP: 4/4
   825 | D:2      | Found a glowing silver altar of Zin.
  1013 | D:3      | Found Jepian's Magic Scroll Shoppe.
  1025 | D:3      | Bought a scroll of identify for 22 gold pieces
  1025 | D:3      | Bought a scroll of identify for 22 gold pieces
  1025 | D:3      | Bought a scroll of identify for 22 gold pieces
  1049 | D:3      | Noticed Robin
  1058 | D:3      | Killed Robin
  1059 | D:3      | Reached XP level 5. HP: 38/38 MP: 5/5
  1318 | D:3      | Noticed a phantom
  1327 | D:3      | Killed a phantom
  1328 | D:3      | Reached skill level 6 in Ranged Weapons
  1509 | D:3      | Found a hazy altar of Hepliaklqana.
  1763 | D:4      | Reached XP level 6. HP: 44/44 MP: 6/6
  1926 | D:4      | Reached skill level 7 in Ranged Weapons
  2339 | D:4      | Noticed Pikel
  2355 | D:4      | Killed Pikel
  2356 | D:4      | Reached skill level 8 in Ranged Weapons
  2356 | D:4      | Reached XP level 7. HP: 19/50 MP: 7/7
  2487 | D:4      | Reached XP level 8. HP: 56/56 MP: 8/8
  2538 | D:4      | Reached skill level 9 in Ranged Weapons
  2730 | D:4      | Noticed Pargi
  2745 | D:4      | Killed Pargi
  2888 | D:4      | Found a shimmering altar of Xom.
  3010 | D:5      | Entered Level 5 of the Dungeon
  3030 | D:5      | Noticed Blork the orc
  3040 | D:5      | Killed Blork the orc
  3052 | D:5      | Found a staircase to the Ecumenical Temple.
  3220 | D:5      | HP: 2/56 [iguana (7)]
  3220 | D:5      | Mangled by a gnoll sergeant

Illustrated notes

Levels and vault maps discovered:
D:1:      ebering_trefoil_3fold, layout_basic, minmay_misc_feat_four_crosses
D:2:      layout_basic, basic_altar, serial_shops, nicolae_shop_trees,
          nicolae_wormholes
D:3:      layout_loops_ring, nzn_hepliaklqana_mist_gate, serial_shops, shop,
          bh_walls_and_bars, uniq_robin
D:4:      layout_basic, lemuel_tele_altar, minmay_mini_jars, uniq_pikel,
          uniq_pargi
D:5:      corexii_shantytown, layout_basic, mainiacjoe_overflow_alcove_2,
          gammafunk_temple_overflow_claw, uniq_blork_the_orc,
          uniq_crazy_yiuf_cottage

Skill      XL: |  1  2  3  4  5  6  7  8 |
---------------+-------------------------+-----
Ranged Weapons | 4 5 6 8 9 |  9.0
Dodging        | 4 |  4.1
Fighting       | |  2.0
Stealth        | |  0.7

Action                     |  1- 3 |  4- 6 |  7- 9 || total
---------------------------+-------+-------+-------++-------
   Fire: Sling             |   120 |   338 |   194 ||   652
    Use: Scroll            |       |     6 |       ||     6
 Armour: Leather armour    |    12 |    40 |    32 ||    84
  Dodge: Dodged            |     3 |    27 |    24 ||    54

Table legend: (Time is in decaauts)
 A = Elapsed time spent in this place.
 B = Non-inter-level travel time spent in this place.
 C = Inter-level travel time spent in this place.
 D = Time resting spent in this place.
 E = Time spent auto-exploring this place.
 F = Levels seen in this place.
 G = Mean time per level.
                   A        B        C        D        E       F      G
               +--------+--------+--------+--------+--------+-----+--------+
         Total |   3254 |   3173 |     81 |    117 |   2459 |   5 |  650.8 |
       Dungeon |   3254 |   3173 |     81 |    117 |   2459 |   5 |  650.8 |
               +--------+--------+--------+--------+--------+-----+--------+

Top non-repeatable levels by time:
     D:4: 1150 daAuts
     D:3: 951 daAuts
     D:2: 663 daAuts
     D:1: 279 daAuts
     D:5: 209 daAuts
